 Dungeon Crawl Stone Soup version 0.31.0-9-g3a7656b989 (webtiles) character file.

Game seed: 9385830901213192724

688 Gottschkopf the Destroyer (level 7, 0/36 HPs)
             Began as a Deep Elf Conjurer on Feb 4, 2024.
             Was an Initiate of Vehumet.
             Killed from afar by an orc wizard (3 damage)
             ... with a magic dart
             ... on level 5 of the Dungeon.
             The game lasted 00:08:31 (5407 turns).

Gottschkopf the Destroyer (Deep Elf Conjurer)       Turns: 5407, Time: 00:08:33

Health: 0/36       AC:  6    Str:  4    XL:     7   Next: 36%
Magic:  6/14       EV: 13    Int: 25    God:    Vehumet [......]
Gold:   285        SH:  0    Dex: 13    Spells: 2/13 levels left

rFire   . . .        e - +0 dagger
rCold   + . .        (no shield)
rNeg    . . .        o - +2 robe of the Exceptional Dragon {rC+ Will- Archmagi}
rPois   .            (no helmet)
rElec   .            v - scarf {repulsion}
rCorr   .            m - +0 pair of gloves
SInv    +            j - +0 pair of boots
Will    .....        f - amulet of faith
Stlth   +            n - ring of see invisible
HPRegen 0.26/turn    (no ring)
MPRegen 0.14/turn

%: repel missiles, faith, archmagi
@: confused, mighty, attractive, hasted, very quick
A: no striking features
a: Renounce Religion


You were on level 5 of the Dungeon.
You worshipped Vehumet.
Vehumet was noncommittal.
You visited 2 branches of the dungeon, and saw 6 of its levels.

You collected 285 gold pieces.

Inventory:

Hand Weapons
 e - a +0 dagger (weapon)
 w - a +2 war axe of flaming
Armour
 j - a +0 pair of boots (worn)
 m - a +0 pair of gloves (worn)
 o - the +2 robe of the Exceptional Dragon (worn) {rC+ Will- Archmagi}
   (You found it on level 3 of the Dungeon)

   rC+:       It protects you from cold.
   Will-:     It decreases your willpower.
   Archmagi:  It increases the power of your magical spells.
 v - a scarf of repulsion (worn)
Jewellery
 f - an amulet of faith (around neck)
 n - a ring of see invisible (left hand)
Wands
 p - a wand of flame (22)
Scrolls
 d - 3 scrolls of fear {unknown}
 g - a scroll of amnesia {unknown}
 h - 2 scrolls of identify {unknown}
 k - 2 scrolls of teleportation {unknown}
 q - a scroll of enchant weapon {unknown}
 s - a scroll of blinking {unknown}
Potions
 b - a potion of magic
 i - 2 potions of lignification {unknown}
 r - a potion of mutation {unknown}
 t - a potion of enlightenment {unknown}
 u - a potion of ambrosia {unknown}


   Skills:
 + Level 3.2 Dodging
 - Level 2.4 Stealth
 - Level 3.8 Spellcasting
 * Level 8.4 Conjurations
 - Level 2.4 Translocations
 - Level 3.1 Alchemy


You had 2 spell levels left.
You knew the following spells:

 Your Spells              Type           Power      Damage    Failure   Level
a - Magic Dart            Conj           100%       1d8       1%          1
b - Searing Ray           Conj           100%       2d8       1%          2
c - Fulminant Prism       Conj/Alch      25%        3d14      9%          4
d - Iskenderun's Mystic   Conj/Tloc      48%        2d11      10%         4

Your spell library contained the following spells:

 Spells                   Type           Power      Damage    Failure   Level
 Anguish                  Hex/Necr       3%         N/A       67%         4
 Cause Fear               Hex            3%         N/A       67%         4
 Enfeeble                 Hex            3%         N/A       100%        7


Dungeon Overview and Level Annotations

Branches:
Dungeon (5/15)             Temple (1/1) D:4

Altars:
Ashenzari
Cheibriados
Dithmenos
Elyvilon
Fedhas
Kikubaaqudgha
Makhleb
Nemelex Xobeh
Okawaru
Qazlal
Sif Muna
Trog
Uskayaw
Vehumet
Wu Jian
Xom
Yredelemnul
Zin
The Shining One


Message History

You barely miss the adder.
The adder is severely wounded.
The adder closely misses you.
The orc wizard gestures at you while chanting.
You resist with significant effort. The adder barely misses you.
The orc wizard misses you.
You hit the adder.
The adder is severely wounded.
The orc wizard casts a spell at you.
You are confused.
The adder misses you. The orc wizard barely misses you.
You are too confused!
You closely miss the adder.
The adder is severely wounded.
The orc wizard hits you but does no damage.
The adder barely misses you.
The orc wizard hits you but does no damage.
You hit the orc wizard.
The orc wizard is lightly wounded.
The adder bites you but does no damage. The orc wizard misses you.
The adder bites you but does no damage.
The orc wizard hits you but does no damage.
The orc wizard hits you with a +0 dagger.
The adder closely misses you.
It was a potion of haste.
You feel yourself speed up. The orc wizard barely misses you.
The adder closely misses you. The orc wizard barely misses you.
It was a potion of might.
You feel very mighty all of a sudden. The adder bites you but does no damage.
The orc wizard gestures at you while chanting.
The magic dart hits you!
* * * LOW HITPOINT WARNING * * *
It was a potion of attraction.
You feel attractive to monsters.
The orc wizard hits you but does no damage.
The adder closely misses you.
The orc wizard points at you and mumbles some strange words.
The magic dart hits you.
You die...

#......................). !
##........................ ...
#.........................
.....###...................###.
.........................## ##
......................#.##
....................#####
##............So....#
##...........@o...## #######
##..............## #......
#..............##### ##.....
...............#...# #.....
...............####.....
...............#........
###..............##.....
##............####....
....<.......## ##...


You could see 2 orc wizards and an adder.

Vanquished Creatures
  A phantom (D:4)
  A scorpion (D:4)
  A howler monkey (D:4)
  A bombardier beetle (D:4)
  2 hounds (D:5)
  4 orc priests (D:4)
  2 sleepcaps (D:5)
  2 orc wizards
  4 gnolls
  6 adders
  2 ribbon worms
  2 dart slugs (D:1)
  12 orcs
  7 endoplasms
  4 giant cockroaches
  6 goblins
  10 hobgoblins
  4 jackals (D:2)
  5 quokkas
  6 ball pythons
  4 bats
  11 kobolds
  5 rats
102 creatures vanquished.

Vanquished Creatures (others)
  A jackal (D:4)
1 creature vanquished.

Grand Total: 103 creatures vanquished

Notes
Turn   | Place    | Note
-------+----------+-------------------------------------------
     0 | D:1      | Gottschkopf the Deep Elf Conjurer began the quest for the
                  | Orb.
     0 | D:1      | Reached XP level 1. HP: 10/10 MP: 6/6
   346 | D:1      | Reached XP level 2. HP: 15/15 MP: 2/8
   472 | D:1      | Reached skill level 5 in Conjurations
  1234 | D:2      | Reached XP level 3. HP: 19/19 MP: 4/9
  1950 | D:2      | Reached skill level 6 in Conjurations
  2497 | D:3      | Identified the +2 robe of the Exceptional Dragon {rC+ Will-
                  | Archmagi}
  2522 | D:3      | Found a hide-covered altar of Uskayaw.
  2558 | D:3      | Reached XP level 4. HP: 24/24 MP: 8/10
  2592 | D:3      | Learned a level 2 spell: Searing Ray
  2597 | D:3      | Learned a level 4 spell: Fulminant Prism
  3047 | D:3      | Found an ornate altar of the Wu Jian Council.
  3307 | D:4      | Noticed a phantom
  3322 | D:4      | Killed a phantom
  3323 | D:4      | Reached skill level 1 in Alchemy
  3323 | D:4      | Reached XP level 5. HP: 15/28 MP: 0/12
  3328 | D:4      | Learned a level 4 spell: Iskenderun's Mystic Blast
  3557 | D:4      | Reached skill level 7 in Conjurations
  3557 | D:4      | Reached skill level 1 in Translocations
  3667 | D:4      | Reached XP level 6. HP: 32/32 MP: 8/13
  3937 | D:4      | Found a white marble altar of Elyvilon.
  4792 | D:4      | Reached XP level 7. HP: 36/36 MP: 6/14
  4944 | D:4      | Found a staircase to the Ecumenical Temple.
  4951 | Temple   | Entered the Ecumenical Temple
  4967 | Temple   | Became a worshipper of Vehumet
  5030 | D:5      | Entered Level 5 of the Dungeon
  5049 | D:5      | Reached skill level 8 in Conjurations
  5407 | D:5      | Killed from afar by an orc wizard

Illustrated notes

Levels and vault maps discovered:
D:1:      ncdulo_halloftheorcs, layout_loops_ring
D:2:      layout_loops_corners
D:3:      minmay_chambers_of_twos, layout_basic, nicolae_uskayaw_dance_hall,
          mainiacjoe_overflow_paths, minmay_door_square, chequers_arboretum,
          chequers_serial_rivers_micro_d
D:4:      layout_loops_ring, elyvilon_altar_4,
          minmay_temple_entry_enclosed_plants, minmay_fractal_squares_gapless_5
D:5:      layout_cave_pods
Temple:   eino_temple_rhombus

Skill      XL: |  1  2  3  4  5  6  7 |
---------------+----------------------+-----
Conjurations   | 5 6 7 8 |  8.4
Alchemy        | 1 2 3 |  3.1
Translocations | 1 2 |  2.4
Dodging        | 3 |  3.2
Stealth        | |  2.4
Spellcasting   | |  3.8

Action                     |  1- 3 |  4- 6 |  7- 9 || total
---------------------------+-------+-------+-------++-------
  Melee: Dagger            |     4 |     7 |    10 ||    21
   Cast: Magic Dart        |    95 |   108 |    36 ||   239
         Searing Ray       |       |     9 |     2 ||    11
    Use: Potion            |       |       |     3 ||     3
   Stab: Sleeping          |     3 |       |       ||     3
 Armour: Robe              |     3 |    15 |    34 ||    52
  Dodge: Dodged            |     7 |    19 |    37 ||    63
         Repelled          |       |       |     1 ||     1
